[ AOE2 MATCH · #473579774 ]
1v1 RMHuns vs Huns
Player's team · WIN
Rival team · LOSS
[ REPLAY ANALYSIS · EXTRACTED FROM THE RECORDED GAME ]
Feudal
15:36
Castle
28:02
Imperial
47:38
| APM avg | 16.4 |
| APM peak | 37 |
| eAPM avg | 10.9 |
| Villagers / military | 67 / 229 |
Focus
⚔️ 54.2% · 🌾 45.8%
Spearman ×58 · Tarkan ×57 · Militia ×35 · Cavalry Archer ×32 · Archer ×30 · Knight ×8
Feudal
12:35
Castle
21:35
Imperial
47:50
| APM avg | 10.7 |
| APM peak | 41 |
| eAPM avg | 8.1 |
| Villagers / military | 106 / 153 |
Focus
⚔️ 38.6% · 🌾 61.4%
Knight ×132 · Trebuchet (Packed) ×14 · Monk ×4 · Battering Ram ×3
Match map
Initial resources + every placement click. Lines = walls · curves = elevation contours. ◆ gold · ⬟ stone · ● berries · ✦ relic · ◌ wall gap
Your base· Open — unwalled flank
pierre's base· Open — 13t gap
Smoothed initial terrain · ◌ = detected wall gap · hover for details
Inputs per minute
— likeastone05 - - pierre
Build order — likeastone05
First 150 of 393 actions detected
| 0:10 | Create | Villager (Male) |
| 0:10 | Create | Villager (Male) |
| 0:11 | Create | Villager (Male) |
| 0:33 | Create | Villager (Male) |
| 2:17 | Create | Villager (Male) |
| 2:19 | Create | Villager (Male) |
| 2:19 | Create | Villager (Male) |
| 3:48 | Create | Villager (Male) |
| 3:49 | Create | Villager (Male) |
| 3:49 | Create | Villager (Male) |
| 3:49 | Create | Villager (Male) |
| 4:44 | Create | Villager (Male) |
| 5:15 | Create | Villager (Male) |
| 5:15 | Create | Villager (Male) |
| 6:04 | Create | Villager (Male) |
| 6:04 | Create | Villager (Male) |
| 6:27 | Build | Lumber Camp |
| 7:29 | Create | Villager (Male) |
| 7:37 | Create | Villager (Male) |
| 7:37 | Create | Villager (Male) |
| 7:48 | Build | Mill |
| 8:30 | Build | Farm |
| 8:31 | Build | Farm |
| 8:33 | Build | Farm |
| 8:35 | Build | Farm |
| 8:36 | Build | Farm |
| 8:47 | Create | Villager (Male) |
| 8:47 | Create | Villager (Male) |
| 8:47 | Create | Villager (Male) |
| 9:08 | Create | Villager (Male) |
| 9:08 | Create | Villager (Male) |
| 9:08 | Create | Villager (Male) |
| 9:28 | Build | Farm |
| 9:38 | Build | Farm |
| 9:47 | Build | Farm |
| 9:54 | Build | Farm |
| 10:10 | Build | Farm |
| 10:35 | Build | Farm |
| 10:52 | Create | Villager (Male) |
| 11:15 | Create | Villager (Male) |
| 11:15 | Create | Villager (Male) |
| 11:16 | Create | Villager (Male) |
| 12:00 | Build | Farm |
| 12:14 | Build | Farm |
| 12:19 | Create | Villager (Male) |
| 12:19 | Create | Villager (Male) |
| 12:21 | Create | Villager (Male) |
| 13:01 | Create | Villager (Male) |
| 13:18 | Research | Feudal Age |
| 14:00 | Build | Farm |
| 14:11 | Build | Farm |
| 14:21 | Build | Farm |
| 14:38 | Build | Farm |
| 14:43 | Build | Farm |
| 15:30 | Create | Villager (Male) |
| 15:30 | Create | Villager (Male) |
| 15:30 | Create | Villager (Male) |
| 15:31 | Create | Villager (Male) |
| 15:31 | Create | Villager (Male) |
| 15:35 | Create | Villager (Male) |
| 15:35 | Create | Villager (Male) |
| 15:36 | Create | Villager (Male) |
| 15:36 | Create | Villager (Male) |
| 15:36 | Age | Feudal Age |
| 15:36 | Create | Villager (Male) |
| 15:36 | Create | Villager (Male) |
| 15:37 | Create | Villager (Male) |
| 15:42 | Research | Horse Collar |
| 15:44 | Research | Double-Bit Axe |
| 16:45 | Build | Mining Camp |
| 17:30 | Build | Barracks |
| 18:01 | Build | Palisade Wall |
| 18:38 | Create | Villager (Male) |
| 18:38 | Create | Villager (Male) |
| 18:38 | Create | Villager (Male) |
| 18:39 | Create | Villager (Male) |
| 19:00 | Build | Archery Range |
| 19:38 | Build | Farm |
| 19:54 | Create | Spearman |
| 19:54 | Create | Spearman |
| 20:19 | Build | Palisade Wall |
| 20:42 | Build | Palisade Wall |
| 20:55 | Create | Archer |
| 20:55 | Create | Archer |
| 20:55 | Create | Archer |
| 20:56 | Create | Archer |
| 20:56 | Create | Archer |
| 20:56 | Create | Archer |
| 20:56 | Create | Archer |
| 20:57 | Create | Archer |
| 20:57 | Create | Archer |
| 21:07 | Create | Spearman |
| 21:07 | Create | Spearman |
| 21:25 | Build | Palisade Wall |
| 22:53 | Build | Palisade Wall |
| 23:03 | Create | Spearman |
| 23:03 | Create | Spearman |
| 23:03 | Create | Spearman |
| 23:04 | Research | Arson |
| 23:09 | Create | Villager (Male) |
| 23:09 | Create | Villager (Male) |
| 23:10 | Create | Villager (Male) |
| 23:10 | Create | Villager (Male) |
| 23:10 | Create | Villager (Male) |
| 23:22 | Build | Blacksmith |
| 23:49 | Build | Mining Camp |
| 24:13 | Create | Spearman |
| 24:13 | Create | Spearman |
| 24:13 | Create | Spearman |
| 24:16 | Create | Archer |
| 24:17 | Create | Archer |
| 24:17 | Create | Archer |
| 24:17 | Create | Archer |
| 24:17 | Create | Archer |
| 25:11 | Create | Spearman |
| 25:11 | Create | Spearman |
| 25:12 | Create | Spearman |
| 25:14 | Create | Archer |
| 25:15 | Create | Archer |
| 25:15 | Create | Archer |
| 25:23 | Research | Castle Age |
| 25:27 | Research | Forging |
| 25:28 | Research | Scale Mail Armor |
| 25:28 | Research | Scale Barding Armor |
| 26:02 | Build | Palisade Wall |
| 27:04 | Research | Wheelbarrow |
| 27:05 | Research | Town Watch |
| 27:06 | Research | Loom |
| 27:25 | Build | Palisade Wall |
| 27:46 | Build | Palisade Wall |
| 28:02 | Build | Palisade Wall |
| 28:02 | Age | Castle Age |
| 28:40 | Build | Palisade Wall |
| 29:04 | Build | Palisade Wall |
| 29:17 | Research | Iron Casting |
| 29:18 | Research | Chain Mail Armor |
| 29:19 | Research | Chain Barding Armor |
| 30:05 | Build | Mining Camp |
| 30:34 | Build | Stone Wall |
| 31:18 | Research | Squires |
| 31:23 | Create | Spearman |
| 31:23 | Create | Spearman |
| 31:24 | Create | Spearman |
| 32:29 | Research | Thumb Ring |
| 32:35 | Research | Crossbowman (upgrade) |
| 33:27 | Research | Bow Saw |
| 34:12 | Create | Militia |
| 34:12 | Create | Militia |
| 34:12 | Create | Militia |
| 34:12 | Create | Militia |
Build order — pierre
First 150 of 328 actions detected
| 0:17 | Create | Villager (Male) |
| 0:17 | Create | Villager (Male) |
| 0:17 | Create | Villager (Male) |
| 0:18 | Create | Villager (Male) |
| 0:18 | Create | Villager (Male) |
| 2:49 | Create | Villager (Male) |
| 2:50 | Create | Villager (Male) |
| 2:51 | Create | Villager (Male) |
| 3:55 | Build | Lumber Camp |
| 4:41 | Create | Villager (Male) |
| 4:43 | Create | Villager (Male) |
| 4:44 | Create | Villager (Male) |
| 4:44 | Create | Villager (Male) |
| 4:45 | Create | Villager (Male) |
| 5:10 | Build | Mill |
| 6:18 | Build | Farm |
| 6:36 | Build | Farm |
| 7:51 | Create | Villager (Male) |
| 7:52 | Create | Villager (Male) |
| 7:53 | Create | Villager (Male) |
| 8:27 | Build | Mill |
| 8:44 | Build | Mining Camp |
| 9:33 | Build | Farm |
| 10:13 | Build | Farm |
| 10:26 | Research | Feudal Age |
| 10:40 | Build | Farm |
| 11:24 | Build | Mining Camp |
| 11:29 | Create | Villager (Male) |
| 11:29 | Create | Villager (Male) |
| 11:29 | Create | Villager (Male) |
| 11:29 | Create | Villager (Male) |
| 11:30 | Create | Villager (Male) |
| 11:30 | Create | Villager (Male) |
| 11:30 | Create | Villager (Male) |
| 12:35 | Age | Feudal Age |
| 13:15 | Build | Barracks |
| 15:48 | Create | Villager (Male) |
| 15:48 | Create | Villager (Male) |
| 16:56 | Build | Stable |
| 17:57 | Build | Blacksmith |
| 18:15 | Build | Stable |
| 18:55 | Research | Castle Age |
| 19:29 | Research | Bloodlines |
| 19:34 | Research | Scale Barding Armor |
| 19:43 | Create | Villager (Male) |
| 19:43 | Create | Villager (Male) |
| 20:14 | Build | Stable |
| 21:10 | Research | Double-Bit Axe |
| 21:35 | Age | Castle Age |
| 21:50 | Create | Knight |
| 21:50 | Create | Knight |
| 21:51 | Create | Knight |
| 22:17 | Create | Knight |
| 22:18 | Create | Knight |
| 22:34 | Build | Town Center |
| 23:15 | Research | Wheelbarrow |
| 23:37 | Create | Knight |
| 24:05 | Build | Castle |
| 24:17 | Create | Villager (Male) |
| 24:17 | Create | Villager (Male) |
| 25:18 | Build | Lumber Camp |
| 25:25 | Create | Villager (Male) |
| 25:25 | Create | Villager (Male) |
| 25:26 | Create | Villager (Male) |
| 25:30 | Create | Knight |
| 25:49 | Create | Knight |
| 26:29 | Build | Mining Camp |
| 26:32 | Create | Knight |
| 26:52 | Create | Villager (Male) |
| 26:53 | Create | Villager (Male) |
| 27:15 | Create | Villager (Male) |
| 27:16 | Create | Villager (Male) |
| 27:38 | Create | Knight |
| 27:59 | Create | Knight |
| 28:05 | Create | Villager (Male) |
| 28:20 | Create | Knight |
| 28:32 | Build | Monastery |
| 29:29 | Create | Monk |
| 29:29 | Create | Monk |
| 29:31 | Create | Monk |
| 29:31 | Create | Monk |
| 29:39 | Research | Chain Barding Armor |
| 29:43 | Create | Knight |
| 29:44 | Create | Knight |
| 31:04 | Build | Farm |
| 31:43 | Create | Knight |
| 31:43 | Create | Knight |
| 31:44 | Create | Knight |
| 31:45 | Create | Knight |
| 32:20 | Create | Knight |
| 32:20 | Create | Knight |
| 33:08 | Create | Knight |
| 33:08 | Create | Knight |
| 34:54 | Create | Knight |
| 34:54 | Create | Knight |
| 34:54 | Create | Knight |
| 34:54 | Create | Knight |
| 35:03 | Create | Villager (Male) |
| 35:03 | Create | Villager (Male) |
| 35:03 | Create | Villager (Male) |
| 35:04 | Create | Villager (Male) |
| 35:04 | Create | Villager (Male) |
| 35:53 | Research | Hand Cart |
| 35:54 | Create | Villager (Male) |
| 35:54 | Create | Villager (Male) |
| 35:55 | Create | Villager (Male) |
| 35:56 | Create | Villager (Male) |
| 36:27 | Create | Knight |
| 36:27 | Create | Knight |
| 36:28 | Create | Knight |
| 36:46 | Build | Castle |
| 37:42 | Create | Villager (Male) |
| 37:43 | Create | Villager (Male) |
| 37:43 | Create | Villager (Male) |
| 37:43 | Create | Villager (Male) |
| 37:43 | Create | Villager (Male) |
| 38:11 | Build | Mining Camp |
| 38:35 | Create | Knight |
| 38:35 | Create | Knight |
| 38:36 | Create | Knight |
| 38:36 | Create | Knight |
| 39:23 | Build | Farm |
| 39:27 | Build | Farm |
| 39:31 | Build | Farm |
| 40:55 | Create | Villager (Male) |
| 40:55 | Create | Villager (Male) |
| 40:56 | Create | Villager (Male) |
| 40:57 | Create | Villager (Male) |
| 40:58 | Create | Villager (Male) |
| 41:35 | Build | Farm |
| 41:44 | Build | Farm |
| 41:46 | Research | Horse Collar |
| 41:52 | Build | Farm |
| 41:57 | Create | Knight |
| 41:57 | Create | Knight |
| 42:02 | Create | Knight |
| 42:02 | Create | Knight |
| 42:17 | Create | Knight |
| 42:18 | Create | Knight |
| 42:22 | Create | Villager (Male) |
| 42:22 | Create | Villager (Male) |
| 42:35 | Build | Farm |
| 42:45 | Build | Farm |
| 43:13 | Create | Knight |
| 43:14 | Create | Knight |
| 43:33 | Build | Farm |
| 43:43 | Build | Farm |
| 43:50 | Create | Villager (Male) |
| 43:51 | Create | Villager (Male) |
| 44:11 | Build | Castle |
Match timeline
| 12:35 | pierre · age_up feudal |
| 13:15 | pierre · first_building Barracks |
| 15:36 | likeastone05 · age_up feudal |
| 16:56 | pierre · first_building Stable |
| 17:30 | likeastone05 · first_building Barracks |
| 18:01 | likeastone05 · wall_segment Palisade Wall x14 |
| 19:00 | likeastone05 · first_building Archery Range |
| 20:19 | likeastone05 · wall_segment Palisade Wall x14 |
| 20:42 | likeastone05 · wall_segment Palisade Wall x1 |
| 21:25 | likeastone05 · wall_segment Palisade Wall x13 |
| 21:35 | pierre · age_up castle |
| 22:53 | likeastone05 · wall_segment Palisade Wall x12 |
| 24:05 | pierre · first_building Castle |
| 26:02 | likeastone05 · wall_segment Palisade Wall x10 |
| 27:25 | likeastone05 · wall_segment Palisade Wall x7 |
| 27:46 | likeastone05 · wall_segment Palisade Wall x2 |
| 28:02 | likeastone05 · wall_segment Palisade Wall x5 |
| 28:02 | likeastone05 · age_up castle |
| 28:32 | pierre · first_building Monastery |
| 28:40 | likeastone05 · wall_segment Palisade Wall x10 |
| 29:04 | likeastone05 · wall_segment Palisade Wall x17 |
| 30:34 | likeastone05 · wall_segment Stone Wall x9 |
| 34:38 | likeastone05 · first_building Monastery |
| 38:51 | likeastone05 · first_building Stable |
| 42:51 | likeastone05 · first_building Castle |
| 46:48 | pierre · first_building Siege Workshop |
| 47:38 | likeastone05 · age_up imperial |
| 47:50 | pierre · age_up imperial |
| 62:49 | pierre · first_market_sell 100 wood |
| 71:02 | pierre · resign |
[ AI ANALYSIS · 1 CREDIT ]
What really happened in this match?
Wolo.gg analyzes every decision: build order, eco, micro, common mistakes by bracket. Personalized analysis on WhatsApp or Discord in 30 seconds.
Civ guide
Huns
Map guide
Mountain Ridge
Perfil
Jugador #25242285